 Dungeon Crawl Stone Soup version 0.17-a0-105-g8f3376a (webtiles) character file.

803 Rotinaj the Shield-Bearer (level 8, -4/61 HPs)
             Began as a Human Fighter on Mar 18, 2015.
             Killed from afar by an orc wizard (8 damage)
             ... with a magic dart
             ... on level 6 of the Dungeon.
             The game lasted 00:24:12 (4253 turns).

Rotinaj the Shield-Bearer (Human Fighter)           Turns: 4253, Time: 00:24:13

Health: -4/61      AC:  7    Str: 19    XL:     8   Next: 14%
Magic:  8/8        EV: 10    Int:  9    God:
Gold:   208        SH: 11    Dex: 12    Spells: 0 memorised, 7 levels left

rFire  . . .     SeeInvis .     a - +1 long sword
rCold  . . .     Clarity  .     f - +1 ring mail {MR+}
rNeg   . . .     SustAb   .     c - +1 shield
rPois  .         Gourm    .     (no helmet)
rElec  .         Spirit   .     (no cloak)
rCorr  .         Warding  .     (no gloves)
rMut   .         Stasis   .     (no boots)
MR     +....                    (no amulet)
Stlth  +.........               (no ring)
                                (no ring)

@: lethally poisoned (-4 -> -6), somewhat resistant to hostile enchantments,
very unstealthy
A: no striking features
a: no special abilities


You were on level 6 of the Dungeon.
You were not hungry.

You visited 1 branch of the dungeon, and saw 5 of its levels.
You also visited: Sewer.

You collected 208 gold pieces.

Inventory:

Hand weapons
 a - a +1 long sword (weapon)
Armour
 b - a +0 scale mail
 c - a +1 shield (worn)
 d - a +0 ring mail
 f - a +1 ring mail of magic resistance (worn)
Jewellery
 e - an uncursed amulet of resist mutation {unknown}
Scrolls
 g - a scroll of enchant weapon
 j - 3 scrolls of enchant armour
 k - a scroll of amnesia
 w - a scroll of remove curse
Potions
 i - 4 potions of restore abilities {unknown}
 l - a potion of invisibility {unknown}
 m - 5 potions of heal wounds {unknown}
 q - a potion of poison {unknown}
 r - 2 potions of might
 t - 3 potions of flight {unknown}
 u - 2 potions of agility {unknown}
 v - 2 potions of brilliance {unknown}
Comestibles
 h - a meat ration
 n - a beef jerky
 o - a royal jelly
 p - a slice of pizza


   Skills:
 + Level 4.6 Fighting
 + Level 3.6 Long Blades
 + Level 5.1 Armour
 + Level 3.2 Dodging
 + Level 5.4 Shields


You had 7 spell levels left.
You didn't know any spells.

Dungeon Overview and Level Annotations

Branches:
Dungeon (6/15)
 Temple: D:4-7

Altars:
Fedhas


Message History

The orc completely misses you.
You miss something. You block the orc wizard's attack.
You block the quokka's attack. Something hits you but does no damage.
The orc hits you from afar with a trident.
* * * LOW HITPOINT WARNING * * *
The orc wizard misses you.
You closely miss the quokka. You block the quokka's attack. Something hits you.
* * * LOW HITPOINT WARNING * * *
The orc wizard hits you but does no damage.
You block the quokka's attack.
The orc hits you from afar with a trident.
* * * LOW HITPOINT WARNING * * *
The orc wizard hits you but does no damage.
You are poisoned.
You block its attack.
You hit the quokka but do no damage.
You feel sick. The quokka closely misses you.
The orc wizard points at you and mumbles some strange words.
The magic dart hits you!
You die...

# _# ..#.
#####.....
........#
#.......# #
#.......###
#.#.#..[.......
#...o.)o....#
#{@r....#
#.......#
........###
#######..# ...[
..### ..# ..# .


You could see an orc wizard, an orc and a quokka.

Vanquished Creatures
  An ogre (D:4)
  A big kobold (Sewer)
  2 scorpions
  A hound (D:5)
  A jelly (D:5)
  2 orc priests
  A giant frog skeleton (D:5)
  3 orc wizards
  2 worker ants (D:4)
  A hound skeleton (D:4)
  7 adders
  A river rat (Sewer)
  A giant mite (D:5)
  4 worms
  An adder skeleton (D:4)
  2 giant geckos (D:4)
  An ooze (Sewer)
  18 orcs
  12 bats
  A bat skeleton (D:4)
  3 giant cockroaches
  11 goblins
  7 hobgoblins
  3 jackals (D:5)
  27 kobolds
  2 quokkas
  10 ball pythons
  5 giant newts
  A giant spore (D:4)
  29 rats
  A ballistomycete (D:4)
162 creatures vanquished.

Notes
Turn   | Place    | Note
--------------------------------------------------------------
     0 | D:1      | Rotinaj, the Human Fighter, began the quest for the Orb.
     0 | D:1      | Reached XP level 1. HP: 18/18 MP: 1/1
   244 | D:1      | Reached XP level 2. HP: 24/24 MP: 2/2
   782 | D:2      | Reached XP level 3. HP: 29/29 MP: 3/3
  1018 | D:2      | Reached XP level 4. HP: 33/35 MP: 4/4
  1124 | D:2      | You fall through a shaft!
  1130 | D:4      | Noticed an ogre
  1138 | D:4      | Killed an ogre
  1138 | D:4      | Reached skill level 1 in Dodging
  1138 | D:4      | Reached skill level 4 in Shields
  1138 | D:4      | Reached XP level 5. HP: 12/42 MP: 5/5
  1548 | D:4      | Reached XP level 6. HP: 22/48 MP: 6/6
  2711 | D:4      | Reached XP level 7. HP: 47/54 MP: 7/7
  2963 | D:5      | Entered Level 5 of the Dungeon
  3102 | D:5      | Reached skill level 5 in Armour
  3318 | D:5      | Reached skill level 5 in Shields
  3486 | D:5      | Found a glowing drain.
  3500 | Sewer    | Entered a sewer
  4086 | D:5      | Reached XP level 8. HP: 56/61 MP: 8/8
  4226 | D:6      | Found a blossoming altar of Fedhas.
  4253 | D:6      | Killed from afar by an orc wizard

Action                   |  1- 3 |  4- 6 |  7- 9 || total
-------------------------+-------+-------+-------++-------
Melee: Long sword        |    99 |   153 |   213 ||   465
  Use: Scroll            |     3 |     5 |     1 ||     9
       Potion            |       |     1 |     3 ||     4
  Eat: Bread ration      |       |     1 |     1 ||     2
       Meat ration       |       |     1 |       ||     1
